 Dungeon Crawl Stone Soup version 0.29.1-15-g9cfb28693d (webtiles) character file.

Game seed: 15871005824536738141

23 Smoke131 the Firebug (level 2, -3/20 HPs)
             Began as a Draconian Fire Elementalist on Mar 1, 2023.
             Slain by a hobgoblin (4 damage)
             ... on level 1 of the Dungeon.
             The game lasted 00:01:30 (711 turns).

Smoke131 the Firebug (Draconian Fire Elementalist)   Turns: 711, Time: 00:01:30

Health: -3/20      AC:  4    Str: 10    XL:     2   Next: 75%
Magic:  0/5        EV: 12    Int: 15    God:
Gold:   81         SH:  0    Dex: 11    Spells: 2/5 levels left

rFire   . . .      SeeInvis .   d - +0 club
rCold   . . .      Faith    .   (no shield)
rNeg    . . .      Spirit   .   (body armour unavailable)
rPois   .          Reflect  .   (helmet restricted)
rElec   .          Harm     .   (no cloak)
rCorr   .          Rampage  .   (no gloves)
Will    .....                   (no boots)
Stlth   ++........              (no amulet)
HPRegen 0.06/turn               (no ring)
MPRegen 0.09/turn               (no ring)

@: no status effects
A: AC +4, unfitting armour, cold-blooded
a: no special abilities


You were on level 1 of the Dungeon.
You visited 1 branch of the dungeon, and saw 1 of its levels.

You collected 81 gold pieces.

Inventory:

Hand Weapons
 d - a +0 club (weapon)
Scrolls
 c - a scroll of identify {unknown}
 e - a scroll of blinking {unknown}
Potions
 a - a potion of magic
 b - a potion of curing {unknown}


   Skills:
 + Level 2.1 Dodging
 - Level 1.7 Stealth
 + Level 2.3 Spellcasting
 + Level 1.6 Conjurations
 + Level 3.2 Fire Magic


You had 2 spell levels left.
You knew the following spells:

 Your Spells              Type           Power      Damage    Failure   Level
a - Foxfire               Conj/Fire      36%        2x1d5     8%          1
b - Scorch                Fire           22%        2d6       9%          2

Your spell library contained the following spells:

 Spells                   Type           Power      Damage    Failure   Level
 Conjure Flame            Conj/Fire      9%         6-21      24%         3
 Inner Flame              Hex/Fire       6%         N/A       32%         3
 Flame Wave               Conj/Fire      9%         2d6       61%         4


Dungeon Overview and Level Annotations

Branches:
Dungeon (1/15)

Altars:


Innate Abilities, Weirdness & Mutations

Your plain brown scales are hard. (AC +4)
You cannot fit into any form of body armour.
You are cold-blooded and may be slowed by cold attacks.


Message History

You barely miss the hobgoblin.
Your tail-slap misses the hobgoblin.
The hobgoblin is moderately wounded.
The hobgoblin barely misses you.
You closely miss the hobgoblin.
The hobgoblin is moderately wounded.
The hobgoblin closely misses you. The hobgoblin misses you.
You hit the hobgoblin.
The hobgoblin is heavily wounded.
The hobgoblin hits you but does no damage.
You hit the hobgoblin but do no damage.
The hobgoblin is heavily wounded.
The hobgoblin closely misses you.
You closely miss the hobgoblin.
The hobgoblin is heavily wounded.
The hobgoblin misses you. The hobgoblin hits you.
* * * LOW HITPOINT WARNING * * *
A kobold comes into view. It is wielding a +0 dagger.
The hobgoblin attacks as you move away! The hobgoblin closely misses you.
The kobold shouts!
The hobgoblin attacks as you move away! The hobgoblin hits you.
* * * LOW HITPOINT WARNING * * *
Casting: Foxfire (safe; 8% risk of failure)
Confirm with . or Enter, or press ? or * to list all spells.
You conjure some foxfire!
The hobgoblin barely misses you. The kobold hits you but does no damage.
The foxfire hits the goblin.
The goblin is heavily wounded.
Casting: Foxfire (safe; 8% risk of failure)
Confirm with . or Enter, or press ? or * to list all spells.
You conjure some foxfire!
The foxfire hits the hobgoblin.
The hobgoblin is almost dead.
The hobgoblin closely misses you. The kobold hits you with a +0 dagger.
* * * LOW HITPOINT WARNING * * *
Casting: Foxfire (safe; 8% risk of failure)
Confirm with . or Enter, or press ? or * to list all spells.
You conjure some foxfire!
The foxfire hits the kobold but does no damage.
The foxfire hits the kobold.
You kill the kobold!
The hobgoblin hits you.
You die...

♣<.'.###..####.........
♣♣8#......# #.........
####.###†# #.##......
...###.####.###..†.†
#.####.......# #.....
... #..#.######...##.
#.# ##.##.# .....####
#. ##gg##.##.#..### .
#v@)........# ##
#.§.#...##### #.
#.###.### #. #. .# ...
# ## .## #


You could see a hobgoblin (ally target) and a goblin.

Vanquished Creatures
  2 endoplasms (D:1)
  4 giant cockroaches (D:1)
  A goblin (D:1)
  A hobgoblin (D:1)
  3 kobolds (D:1)
  2 quokkas (D:1)
  2 ball pythons (D:1)
  2 bats (D:1)
  A frilled lizard (D:1)
  4 rats (D:1)
22 creatures vanquished.

Vanquished Creatures (others)
  41 foxfires (D:1)
41 creatures vanquished.

Grand Total: 63 creatures vanquished

Notes
Turn   | Place    | Note
-------+----------+-------------------------------------------
     0 | D:1      | Smoke131 the Draconian Fire Elementalist began the quest
                  | for the Orb.
     0 | D:1      | Reached XP level 1. HP: 14/14 MP: 3/3
   182 | D:1      | Found a faded altar of an unknown god.
   420 | D:1      | Reached XP level 2. HP: 20/20 MP: 1/5
   425 | D:1      | Learned a level 2 spell: Scorch
   710 | D:1      | HP: 1/20 [kobold/+0 dagger (1)]
   711 | D:1      | Slain by a hobgoblin

Illustrated notes

Levels and vault maps discovered:
D:1:      saegor_arrival_simple_b, layout_rooms,
          chequers_ecumenical_altar_simple

Skill      XL: |  1 |
---------------+----+-----
Dodging        | 2 |  2.1
Stealth        | |  1.7
Spellcasting   | |  2.3
Conjurations   | |  1.6
Fire Magic     | |  3.2

Action                   || total
-------------------------++-------
Melee: Unarmed           ||    37
       Tailslap          ||     5
       Club              ||    15
 Cast: Foxfire           ||    25
Armor: Skin              ||    40
Dodge: Dodged            ||    67
